 Dungeon Crawl Stone Soup version 0.31-a0-662-g684573625c (webtiles) character file.

Game seed: 3011064835360400122

832 freelancePsychic the Changeling (level 7, -4/49 HPs)
             Began as an Octopode Shapeshifter on Sept 1, 2023.
             Killed by divine providence
             ... invoked by an orc priest
              (8 damage)
             ... on level 5 of the Dungeon.
             The game lasted 00:06:31 (4470 turns).

freelancePsychic the Changeling (OpSh)              Turns: 4470, Time: 00:06:32

Health: -4/49      AC:  1    Str: 15    XL:     7   Next: 98%
Magic:  7/7        EV: 13    Int: 13    God:
Gold:   234        SH:  0    Dex: 11    Spells: 6/6 levels left

rFire   . .          .
                       - Unarmed
rCold   . . .        o - orb {light}
rNeg    . . .        (helmet currently unavailable)
rPois   .            (no amulet)
rElec   .            (no ring)
rCorr   .            (no ring)
SInv    .            (no ring)
Will    .....        (no ring)
Stlth   ++           (no ring)
HPRegen 0.28/turn    (no ring)
MPRegen 0.10/turn    (no ring)
                     (no ring)

%: no passive effects
@: beast-form, glowing
A: beast (slay +3), almost no armour, amphibious, 8 rings, camouflage 1,
gelatinous body 1, nimble swimmer 1, tentacles
a: Begin Untransformation


You were on level 5 of the Dungeon.
You were a hulking beast.
You visited 1 branch of the dungeon, and saw 5 of its levels.

You collected 292 gold pieces.
You spent 58 gold pieces at shops.

Inventory:

Missiles
 f - 4 curare-tipped darts (quivered)
Armour
 o - an orb of light (worn)
Jewellery
 h - an amulet of magic regeneration
Talismans
 b - a beast talisman (active)
 c - a flux talisman
Wands
 s - a wand of iceblast (6)
Scrolls
 a - 2 scrolls of brand weapon
 i - 2 scrolls of amnesia
 n - 2 scrolls of teleportation {@r4}
 r - a scroll of enchant weapon
 t - a scroll of revelation {unknown}
 u - a scroll of identify {@r1}
Potions
 d - a potion of cancellation
 e - 2 potions of berserk rage {unknown}
 g - a potion of curing {@q1}
 j - a potion of enlightenment
 k - 2 potions of mutation {unknown}
 l - a potion of might {unknown}
 m - a potion of invisibility {unknown}
 p - 2 potions of heal wounds {unknown}
 q - 2 potions of degeneration {unknown}
 v - a potion of brilliance {unknown}


   Skills:
 + Level 4.5 Fighting
 - Level 2.0 Dodging
 - Level 3.6 Stealth
 + Level 4.6 Unarmed Combat
 * Level 6.1 Shapeshifting


You had 6 spell levels left.
You didn't know any spells.
Your spell library contained the following spells:

 Spells                   Type           Power      Damage    Failure   Level
 Blink                    Tloc           0%         N/A       43%         2
 Lesser Beckoning         Tloc           0%         N/A       43%         2
 Momentum Strike          Conj/Tloc      0%         3d8       43%         2
 Wereblood                Tmut           0%         N/A       43%         2
 Dazzling Flash           Conj/Hex       0%         N/A       67%         3
 Ignite Poison            Fire/Tmut/Pois 0%         N/A       67%         3
 Volatile Blastmotes      Fire/Tloc      0%         2d10      67%         3
 Sticky Flame             Conj/Fire      0%         2d3       97%         4
 Irradiate                Conj/Tmut      0%         3d11      100%        5
 Starburst                Conj/Fire      0%         6d3       100%        6
 Ignition                 Fire           0%         3d3       100%        8
 Maxwell's Capacitive Co  Air            0%         ∞         100%        8


Dungeon Overview and Level Annotations

Branches:
Dungeon (5/15)
 Temple: D:4-7

Altars:
Ashenzari
Fedhas
Hepliaklqana
Trog
Vehumet
Xom

Shops:
D:1 *   D:2 !   D:5 [

Annotations:
D:2 exclusions: hobgoblin and quokka


Innate Abilities, Weirdness & Mutations

You are a hulking beast.
Your limbs bulge with bestial killing power. (Slay +3)
You cannot wear most types of armour.
You are amphibious.
You can wear up to eight rings at the same time.
Your skin changes colour to match your surroundings (Stealth+).
Your rubbery body absorbs attacks. (AC +1, EV +1)
You are camouflaged when in or above water. (Stealth+)
You have tentacles for arms and can constrict up to eight enemies at once.


Message History

You are too injured to fight recklessly!
You are too injured to fight recklessly!
You are too injured to fight recklessly!
You are too injured to fight recklessly!
You are too injured to fight recklessly!
You are too injured to fight recklessly!
You are too injured to fight recklessly!
You are too injured to fight recklessly!
You are too injured to fight recklessly!
You are too injured to fight recklessly!
You are too injured to fight recklessly!
You are too injured to fight recklessly!
You are too injured to fight recklessly!
You are too injured to fight recklessly!
As you read the scroll of teleportation {@r4}, it crumbles to dust.
You feel strangely unstable.
You constrict the scorpion. The scorpion stings you. The jelly misses you.
The orc priest miscasts a cantrip.
The orc hits you with a +0 hand axe. The jackal misses you.
You release your grip on the scorpion.
The jackal attacks as it pursues you! The jackal bites you.
The jelly attacks as it pursues you! The jelly hits you but does no damage.
The orc attacks as it pursues you! The orc barely misses you.
The jackal closely misses you. The scorpion closely misses you.
You bludgeon the scorpion!
You kill the scorpion!
The jackal misses you. The jelly closely misses you.
Your Shapeshifting skill increases to level 6!
You bludgeon the orc!
You kill the orc!
The jackal barely misses you. The jelly closely misses you.
The gargoyle hurls a stone arrow at you.
The stone arrow hits you!!
* * * LOW HITPOINT WARNING * * *
Your surroundings suddenly seem different.
Floosh!
You fall into the deep water.
The orc priest mumbles some strange prayers to Beogh against you.
Beogh smites you!
You die...

#........... .###... #
#....o.~≈~...## #...## #
#..†)≈~≈≈≈~~..###..... #
#9(.≈≈≈≈≈~≈≈~...#....# #
#)h≈~~~≈≈~~≈≈~.......#+######
#.J~≈≈~.P.≈~≈~...............
#.~~≈~PP♣..~≈~~....#.........
##.≈≈≈~>$_.<≈≈≈~.####.........
#..~≈≈≈♣P...~h≈≈..............
#...~≈≈≈♣PP~≈≈~...............
#.#.~~≈≈≈~~≈≈~≈...............
#.#..~~≈≈≈≈≈~~........########
#.....~≈~≈≈≈~...........#
###.....≈~~...##....)...#
#..........###........#
#.....................#
#.....................#


You could see an orc priest.

Vanquished Creatures
  Sigmund (D:2)
  2 phantoms
  2 scorpions
  3 jellies
  An orc priest (D:4)
  A sleepcap (D:4)
  Terence (D:2)
  An iguana (D:5)
  3 gnolls
  4 adders
  A worm (D:3)
  6 dart slugs
  14 orcs
  5 endoplasms
  4 giant cockroaches
  18 hobgoblins
  7 jackals
  14 kobolds
  6 quokkas
  6 ball pythons
  7 bats
  6 frilled lizards
  12 goblins
  8 rats
133 creatures vanquished.

Notes
Turn   | Place    | Note
-------+----------+-------------------------------------------
     0 | D:1      | freelancePsychic the Octopode Shapeshifter began the quest
                  | for the Orb.
     0 | D:1      | Reached XP level 1. HP: 13/13 MP: 1/1
    72 | D:1      | Reached skill level 1 in Stealth
    96 | D:1      | Reached XP level 2. HP: 16/18 MP: 2/2
   153 | D:1      | Reached XP level 3. HP: 3/23 MP: 3/3
   250 | D:1      | Found Neipu's Assorted Antiques.
   296 | D:1      | Bought a scroll labelled CUSAONWEFE for 22 gold pieces
   911 | D:2      | Found Bijaotach's Distillery.
   915 | D:2      | Bought a potion of curing for 36 gold pieces
  1023 | D:2      | Reached XP level 4. HP: 24/29 MP: 4/4
  1094 | D:2      | Noticed Sigmund
  1312 | D:3      | Found a shimmering altar of Xom.
  1369 | D:3      | Noticed a scorpion
  1374 | D:3      | Killed a scorpion
  1375 | D:3      | Reached XP level 5. HP: 35/35 MP: 5/5
  1506 | D:3      | Found a radiant altar of Vehumet.
  1571 | D:3      | Found a bloodstained altar of Trog.
  1582 | D:3      | Reached skill level 4 in Shapeshifting
  2245 | D:2      | Noticed Terence
  2254 | D:2      | Killed Terence
  2373 | D:2      | Reached XP level 6. HP: 39/42 MP: 6/6
  2604 | D:2      | Killed Sigmund
  2605 | D:2      | Reached skill level 5 in Shapeshifting
  2762 | D:2      | Found a faded altar of an unknown god.
  2965 | D:4      | Reached XP level 7. HP: 27/47 MP: 7/7
  3906 | D:5      | Entered Level 5 of the Dungeon
  4157 | D:5      | Found a hazy altar of Hepliaklqana.
  4292 | D:5      | Found a broken altar of Ashenzari.
  4421 | D:5      | Found Yryism's Antique Armour Emporium.
  4430 | D:5      | Found a blossoming altar of Fedhas.
  4457 | D:5      | Noticed a gargoyle
  4469 | D:5      | Reached skill level 6 in Shapeshifting
  4470 | D:5      | Killed from afar by an orc priest

Illustrated notes

Levels and vault maps discovered:
D:1:      elethiomel_arrival_diamonds, layout_loops_cross, serial_shops,
          nicolae_shop_trees, hangedman_decor_growths, minmay_pentomino_o2
D:2:      layout_loops_ring, serial_shops, shop,
          dilly_ecumenical_altar_fadedgnrine, minmay_misc_feat_encased,
          hangedman_glass_teeth, grunt_decor_mini_mirrors, uniq_terence,
          uniq_sigmund
D:3:      layout_basic, mainiacjoe_overflow_brackets,
          mainiacjoe_overflow_small_starburst, old_standard_altar,
          chequers_jeans, st_stairs_11, minmay_between
D:4:      layout_basic, grunt_decor_cap, nrook_mini_vaults
D:5:      corexii_shantytown, layout_basic, mainiacjoe_overflow_catwalk,
          cheibrodos_ashenzari_chains, fedhas_ov_isle_minmay, serial_shops, shop

Skill      XL: |  1  2  3  4  5  6  7 |
---------------+----------------------+-----
Stealth        | 1 2 3 |  3.6
Fighting       | 2 3 4 |  4.5
Shapeshifting  | 4 5 6 |  6.1
Unarmed Combat | 4 |  4.6
Dodging        | |  2.0

Action                     |  1- 3 |  4- 6 |  7- 9 || total
---------------------------+-------+-------+-------++-------
  Melee: Unarmed           |    68 |    86 |    82 ||   236
         Constrict         |    19 |    26 |    21 ||    66
         Tentacles         |    11 |    20 |    25 ||    56
         Punch             |     1 |     3 |     5 ||     9
  Throw: Dart              |       |     1 |       ||     1
    Use: Potion            |     1 |     3 |       ||     4
         Scroll            |     2 |     4 |     3 ||     9
   Stab: Sleeping          |     6 |    13 |     1 ||    20
         Distracted        |       |       |     1 ||     1
 Armour: Skin              |    37 |    32 |    40 ||   109
  Dodge: Dodged            |    43 |    43 |    57 ||   143

Table legend: (Time is in decaauts)
 A = Elapsed time spent in this place.
 B = Non-inter-level travel time spent in this place.
 C = Inter-level travel time spent in this place.
 D = Time resting spent in this place.
 E = Time spent auto-exploring this place.
 F = Levels seen in this place.
 G = Mean time per level.
                   A        B        C        D        E       F      G
               +--------+--------+--------+--------+--------+-----+--------+
         Total |   4456 |   4378 |     78 |     41 |   3529 |   5 |  891.2 |
       Dungeon |   4456 |   4378 |     78 |     41 |   3529 |   5 |  891.2 |
               +--------+--------+--------+--------+--------+-----+--------+

Top non-repeatable levels by time:
     D:4: 1057 daAuts
     D:3: 991 daAuts
     D:2: 981 daAuts
     D:1: 907 daAuts
     D:5: 519 daAuts
